 Dungeon Crawl Stone Soup version 0.28-a0-973-ga7f8b01 (webtiles) character file.

Game seed: 7159549112413627099

104724 PublicAnimeNo1 the Fighter (level 15, -6/105 (136) HPs)
             Began as a Black Draconian Conjurer on Nov 22, 2021.
             Was the Champion of Ru.
             Mangled by a caustic shrike simulacrum (10 damage)
             ... summoned by an orange crystal statue
             ... in an ice cave on Dec 1, 2021.
             The game lasted 01:32:34 (38905 turns).

PublicAnimeNo1 the Fighter (DrCj)                  Turns: 38905, Time: 01:32:34

HP:   -6/105 (136)  AC: 12    Str:  5      XL:     15   Next: 92%
MP:   14/28         EV:  8    Int: 29 (30) God:    Ru [******]
Gold: 2845          SH:  0    Dex: 10      Spells: 1/32 levels left

rFire   . . .      SeeInvis .   a - +3 dagger (venom)
rCold   + . .      Faith    .   (shield unavailable)
rNeg    . . .      Spirit   .   (armour unavailable)
rPois   .          Reflect  +   (helmet restricted)
rElec   +          Harm     .   v - +0 cloak
rCorr   .          Rampage  +   O - +0 pair of gloves of the Fisher {Rampage Fly Str-5 Int+6}
Will    +....                   o - +0 pair of boots
Stlth   ++........              G - amulet of reflection
HPRegen 0.27/turn               (ring unavailable)
MPRegen 0.21/turn               C - ring of protection from cold

@: confused, flying, slowed, constricted, heavily drained, very slow
A: breathe lightning, AC +9, unfitting armour, big wings, electricity
resistance, cold-blooded, missing a hand, inability to train dodging, unskilled
1
a: Breathe Lightning, Renounce Religion, Draw Out Power, Power Leap, Apocalypse


You were in an ice cave.
You worshipped Ru.
Ru was exalted by your worship.
You visited 4 branches of the dungeon, and saw 24 of its levels.
You also visited: Ice Cave and Volcano.

You collected 3130 gold pieces.
You spent 285 gold pieces at shops.

Inventory:

Hand Weapons
 a - a +3 dagger of venom (weapon)
 A - a +3 demon trident of flaming
Armour
 o - a +0 pair of boots (worn)
 v - a +0 cloak (worn)
 H - a +1 pair of gloves
 O - the +0 pair of gloves of the Fisher (worn) {Rampage Fly Str-5 Int+6}
   (You found it on level 4 of the Lair of Beasts)

   Str:       It affects your strength (-5).
   Int:       It affects your intelligence (+6).
   Fly:       It grants you flight.
   Rampage:   It bestows one free step when moving towards enemies.
Magical Staves
 b - a staff of air
 J - a staff of poison
Jewellery
 l - a ring of ice
 q - a ring of positive energy
 u - a ring of poison resistance
 B - a ring of fire
 C - a ring of protection from cold (right hand)
 G - an amulet of reflection (around neck)
Wands
 n - a wand of digging (5)
 w - a wand of mindburst (7)
 y - a wand of charming (2)
 E - a wand of iceblast (10)
Scrolls
 e - 2 scrolls of magic mapping
 f - 3 scrolls of fog
 g - 19 scrolls of teleportation
 h - 3 scrolls of immolation
 r - 6 scrolls of identify
 s - 4 scrolls of fear
 L - 5 scrolls of enchant armour
 N - 2 scrolls of blinking
 P - 3 scrolls of silence
Potions
 c - 8 potions of curing
 d - 2 potions of magic
 i - 3 potions of brilliance
 j - 2 potions of resistance
 k - 5 potions of might
 m - 3 potions of mutation
 p - 6 potions of lignification
 t - a potion of invisibility
 x - 4 potions of heal wounds
 z - 4 potions of haste
 D - 2 potions of ambrosia
 F - a potion of cancellation {unknown}
 K - a potion of berserk rage


   Skills:
 + Level 13.4 Fighting
 - Level 8.2 Short Blades
 - Level 9.6 Stealth
 - Level 9.0 Spellcasting
 + Level 10.3 Conjurations
 - Level 7.0 Summonings
 - Level 4.0 Translocations
 + Level 6.3 Ice Magic
 - Level 12.0 Air Magic
 - Level 4.0 Poison Magic
 - Level 4.0 Evocations


You had one spell level left.
You knew the following spells:

 Your Spells              Type           Power      Damage    Failure   Level
a - Poisonous Vapours     Pois/Air       100%       N/A       1%          2
b - Iskenderun's Mystic   Conj/Tloc      53%        2d11      2%          4
c - Sticky Flame          Conj/Fire      42%        2d6       4%          4
d - Mephitic Cloud        Conj/Pois/Air  59%        N/A       1%          3
e - Lightning Bolt        Conj/Air       33%        1d51      1%          5
f - Summon Lightning Spi  Summ/Air       62%        N/A       1%          4
g - Airstrike             Air            35%        N/A       1%          4
h - Freezing Cloud        Conj/Ice/Air   31%        6-21      2%          5

Your spell library contained the following spells:

 Spells                   Type           Power      Damage    Failure   Level
 Apportation              Tloc           72%        N/A       1%          1
 Magic Dart               Conj           100%       1d8       1%          1
 Shock                    Conj/Air       100%       1d9       1%          1
 Sting                    Tmut/Pois      96%        1d7       1%          1
 Summon Small Mammal      Summ           100%       N/A       1%          1
 Animate Skeleton         Necr           26%        N/A       4%          1
 Beastly Appendage        Tmut           26%        N/A       4%          1
 Sandblast                Erth           26%        2d8       4%          1
 Blink                    Tloc           72%        N/A       1%          2
 Call Imp                 Summ           52%        N/A       1%          2
 Searing Ray              Conj           100%       2d8       1%          2
 Static Discharge         Conj/Air       67%        N/A       1%          2
 Call Canine Familiar     Summ           52%        N/A       1%          3
 Dazzling Flash           Conj/Hex       84%        N/A       1%          3
 Ozocubu's Armour         Ice            50%        N/A       1%          3
 Stone Arrow              Conj/Erth      84%        3d12      1%          3
 Swiftness                Air            70%        N/A       1%          3
 Hailstorm                Conj/Ice       57%        3d12      1%          4
 Lesser Beckoning         Tloc           36%        N/A       2%          3
 Summon Guardian Golem    Hex/Summ       33%        N/A       3%          3
 Fulminant Prism          Conj/Hex       21%        3d13      4%          4
 Portal Projectile        Hex/Tloc       48%        N/A       5%          3
 Passwall                 Tmut/Erth      10%        N/A       6%          2
 Ignite Poison            Fire/Tmut/Pois 20%        N/A       7%          3
 Olgreb's Toxic Radiance  Pois           36%        N/A       8%          4
 Ice Form                 Ice/Tmut       31%        N/A       11%         4
 Manifold Assault         Tloc           36%        N/A       22%         5
 Metabolic Englaciation   Hex/Ice        15%        N/A       30%         5
 Dispel Undead            Necr           13%        3d9       38%         4
 Petrify                  Tmut/Erth      13%        N/A       38%         4
 Iron Shot                Conj/Erth      21%        9d5       61%         6
 Blade Hands              Tmut           6%         N/A       75%         5
 Excruciating Wounds      Necr           6%         N/A       75%         5
 Simulacrum               Ice/Necr       15%        N/A       86%         6
 Ozocubu's Refrigeration  Ice            25%        4d10      95%         7
 Statue Form              Tmut/Erth      8%         N/A       99%         6
 Animate Armour           Summ/Erth      Unusable   N/A       N/A         4

Dungeon Overview and Level Annotations

Branches:
Dungeon (15/15)            Temple (0/1) D:7            Lair (6/6) D:10
 Shoals (0/4) Lair:4        Snake (1/4) Lair:3        Slime (0/5) Lair:5
    Orc (2/2) D:10            Elf (0/3) Orc:2        Vaults (0/5) D:14
 Depths (0/4) D:15          IceCv (1/1)             Volcano (visited)

Altars:
Ashenzari
Hepliaklqana
Kikubaaqudgha
Nemelex Xobeh
Okawaru
Qazlal
Ru
Sif Muna
Trog
Vehumet
Wu Jian
Yredelemnul
Zin
Beogh

Shops:
Orc:2 ??=?(

Annotations:
D:9 exclusion: tengu warrior
D:10 exclusion: door
D:13 3 runed translucent doors, exclusion: orange crystal statue
Lair:1 2 transporters, mbeke's ghost, journeyman TeAE
Lair:4 1 exclusion
Lair:5 exclusion: oklob plant
Lair:6 3 runed translucent doors, Vuohok's ghost, journeyman HOFi
Orc:2 2 runed translucent doors, alcopop's ghost, journeyman DrCA IceCv exclusion: orange crystal statue


Innate Abilities, Weirdness & Mutations

You can breathe wild blasts of lightning.
Your glossy black scales are hard. (AC +9)
You cannot fit into any form of body armour.
Your large and strong wings let you fly.
You are resistant to electric shocks. (rElec)
You are cold-blooded and may be slowed by cold attacks.
You are missing a hand.
You cannot train Dodging skill.
You are somewhat unskilled. (-1 Apt)


Message History

The orange crystal statue glitters.
The lindwurm simulacrum dissolves into shadows!
The alligator simulacrum dissolves into shadows!
You block the harpy simulacrum's attack.
The harpy simulacrum claws you. The harpy simulacrum freezes you. You resist.
You block the anaconda simulacrum's attack.
The anaconda simulacrum bites you but does no damage.
The harpy simulacrum claws you but does no damage.
The harpy simulacrum claws you. The harpy simulacrum freezes you! You resist.
The anaconda simulacrum grabs you.
The anaconda simulacrum bites you but does no damage.
The anaconda simulacrum constricts you.
You focus your inner power and illuminate the anaconda simulacrum in retribution!
You escape the anaconda simulacrum's grasp.
The orange crystal statue begins to attack, but is stunned by your conviction!
The freezing wraith hits you! The freezing wraith freezes you! You resist.
The freezing wraith hits you. The freezing wraith drains your vigour!
You feel yourself slow down.
You block the harpy simulacrum's attack.
The harpy simulacrum claws you. The harpy simulacrum freezes you. You resist.
The anaconda simulacrum grabs you.
The anaconda simulacrum closely misses you.
The anaconda simulacrum constricts you.
The caustic shrike simulacrum claws you but does no damage.
You escape the anaconda simulacrum's grasp.
The harpy simulacrum is no longer moving slowly.
The orange crystal statue glitters.
You are confused.
The caustic shrike simulacrum claws you!
* * * LOW HITPOINT WARNING * * *
The caustic shrike simulacrum freezes you!!
You resist.
* * * LOW HITPOINT WARNING * * *
The anaconda simulacrum grabs you.
The anaconda simulacrum closely misses you.
The anaconda simulacrum constricts you.
* * * LOW HITPOINT WARNING * * *
You bump into the stone wall.
The caustic shrike simulacrum claws you!
You die...

###############
#∩...!/8)$ZZ@©#
#.....)"(..Z..#
#8........W8##
#8.......8##
##8..©..8##
###########
##...8©8...##
#.....©.....#
##....(......##


You could see an orange crystal statue, a freezing wraith (summoned), an
anaconda simulacrum (summoned, corona), a harpy simulacrum (summoned) and a
caustic shrike simulacrum (summoned).

Vanquished Creatures
  Frances (D:12)
  An orc warlord (Orc:1)
  2 very ugly things (IceCv)
  3 boulder beetles
  Erolcha (D:12)
  9 hydras
  A vault guard (D:14)
  4 centaur warriors
  2 anacondas (Snake:1)
  3 two-headed ogres
  A catoblepas (Lair:6)
  2 death knights (D:12)
  A deep troll shaman (Lair:6)
  3 orc high priests (Orc:2)
  7 death yaks (Lair:6)
  4 slime creatures
  3 skeletal warriors (D:15)
  5 wizards
  An orc knight (Orc:1)
  2 lindwurms (Volcano)
  A necromancer (D:14)
  A mana viper (Snake:1)
  A manticore (D:14)
  2 ugly things (D:15)
  2 salamanders (Snake:1)
  2 cyclopes
  5 black mambas (Snake:1)
  A toenail golem (Volcano)
  7 elephants
  2 guardian serpents (Snake:1)
  A merfolk siren (Lair:4)
  2 molten gargoyles (Volcano)
  5 cane toads
  3 naga magi (Snake:1)
  3 freezing wraiths
  5 komodo dragons
  A yaktaur (D:14)
  2 entropy weaver simulacra (Snake:1)
  A golden dragon simulacrum (IceCv)
  2 efreet (Volcano)
  3 polar bears
  A troll (D:14)
  12 blink frogs
  2 dream sheep (Lair:6)
  A meliai zombie (D:11)
  A centaur simulacrum (D:14)
  3 shadows
  A spriggan simulacrum (Snake:1)
  53 yaks
  4 wraiths
  A steam dragon (D:10)
  2 fire elementals (Volcano)
  14 humans (D:14)
  A wyvern (Lair:1)
  3 basilisks
  5 vampire mosquitoes (D:14)
  A warg (Orc:1)
  5 nagas
  2 harpy simulacra
  5 water moccasins
  2 hydra simulacra (IceCv)
  An acid dragon (D:9)
  12 orc warriors
  A sky beast (D:8)
  3 ettin simulacra (IceCv)
  An ice beast (D:7)
  3 black bears
  An alligator simulacrum (IceCv)
  A hornet zombie (D:8)
  8 ogres
  14 wolves
  20 centaurs
  A phantom (D:5)
  15 bullfrogs
  2 kobold brigands (D:10)
  A gnoll sergeant (D:9)
  A deep troll simulacrum (Snake:1)
  2 earth elementals (Volcano)
  A wyvern zombie (D:8)
  10 killer bees (D:8)
  A lindwurm simulacrum (Snake:1)
  3 wights (D:8)
  5 electric eels
  A centaur zombie (D:10)
  3 bullfrog zombies
  3 hounds
  3 bullfrog skeletons
  A centaur skeleton (D:5)
  5 jellies
  19 orc priests
  2 gnoll shamans
  3 iguanas
  Natasha (thrice) (D:3)
  Terence (D:3)
  20 orc wizards
  A killer bee zombie (D:6)
  2 hound skeletons (D:5)
  3 howler monkey zombies
  18 gnolls
  A howler monkey skeleton (D:5)
  7 adders
  A white imp (D:6)
  An ufetubus (D:4)
  4 worms
  3 dart slugs
  48 orcs
  5 endoplasms
  3 giant cockroaches
  10 goblins
  4 hobgoblins
  7 jackals
  3 quokkas
  3 ball pythons
  6 bats
  A frilled lizard (D:2)
  18 kobolds
  8 rats
  A fire vortex (Volcano)
556 creatures vanquished.

Vanquished Creatures (collateral kills)
  2 vault guards (D:14)
  A yaktaur captain (D:10)
  An anaconda (Snake:1)
  2 catoblepae
  5 hydras
  A two-headed ogre (D:10)
  2 death yaks
  A tengu warrior (D:13)
  An orc high priest (Orc:2)
  Urug (Lair:2)
  Nergalle (Lair:2)
  A skeletal warrior (D:15)
  2 mana vipers (Snake:1)
  An orc knight (Orc:2)
  3 cyclopes
  3 ugly things
  2 orc sorcerers
  A merfolk siren (Lair:4)
  4 elephants
  7 black mambas
  A molten gargoyle (Volcano)
  5 cane toads
  A rime drake (Lair:5)
  An efreet (Volcano)
  8 komodo dragons
  A polar bear (Lair:5)
  A troll (D:13)
  2 dream sheep (Lair:6)
  3 blink frogs
  A slime creature (D:15)
  2 wyverns
  12 yaks
  5 humans (D:14)
  A fire elemental (Volcano)
  A minotaur simulacrum (Snake:1)
  A vampire mosquito (D:14)
  3 wargs (Orc:2)
  4 nagas
  2 water moccasins
  11 orc warriors
  An alligator simulacrum (Snake:1)
  4 ogres
  3 wolves (Lair:6)
  3 bullfrogs
  A jelly (Lair:5)
  12 orc priests
  5 orc wizards (Orc:2)
  20 orcs
  2 endoplasms (Lair:5)
  2 kobolds (D:10)
161 creatures vanquished.

Vanquished Creatures (others)
  A black mamba (Snake:1)
  2 yaks
  A water moccasin (Lair:2)
  A centaur (D:13)
  A bullfrog (Lair:4)
  An orc priest (Orc:2)
  An orc (Orc:2)
  A bush (Lair:6)
  45 fungi
  85 plants
  12 withered plants (D:15)
151 creatures vanquished.

Grand Total: 868 creatures vanquished

Notes
Turn   | Place    | Note
-------+----------+-------------------------------------------
     0 | D:1      | PublicAnimeNo1 the Draconian Conjurer began the quest for
                  | the Orb.
     0 | D:1      | Reached XP level 1. HP: 14/14 MP: 3/3
   309 | D:1      | Reached XP level 2. HP: 22/22 MP: 3/5
   620 | D:1      | Learned a level 2 spell: Searing Ray
   852 | D:1      | Reached skill level 1 in Fighting
   852 | D:1      | Reached XP level 3. HP: 28/28 MP: 0/6
  1811 | D:2      | Reached XP level 4. HP: 25/36 MP: 0/7
  2385 | D:2      | Found a broken altar of Ashenzari.
  2460 | D:3      | Found a sacrificial altar of Ru.
  2487 | D:3      | Became a worshipper of Ru the Awakened
  2505 | D:3      | Reached skill level 2 in Fighting
  2505 | D:3      | Reached skill level 5 in Conjurations
  2564 | D:2      | Reached XP level 5. HP: 26/41 MP: 5/9
  2683 | D:3      | Learned a level 4 spell: Iskenderun's Mystic Blast
  3253 | D:3      | Noticed Natasha
  3258 | D:3      | Killed Natasha
  3278 | D:3      | Noticed Natasha
  3281 | D:3      | Killed Natasha
  3418 | D:3      | Noticed Natasha
  3422 | D:3      | Killed Natasha
  3504 | D:3      | Noticed Terence
  3516 | D:3      | Killed Terence
  3517 | D:3      | Reached XP level 6. HP: 46/50 MP: 1/10
  3801 | D:3      | Found an ancient bone altar of Kikubaaqudgha.
  3822 | D:3      | Found a radiant altar of Vehumet.
  3825 | D:3      | Found a shimmering blue altar of Sif Muna.
  3863 | D:3      | Got Sif Muna's Tome of Changing
  3986 | D:3      | Found a sparkling altar of Nemelex Xobeh.
  4413 | D:4      | Gained mutation: You are somewhat unskilled. (-1 Apt) [Ru
                  | sacrifice]
  4413 | D:4      | Reached * piety under Ru
  5025 | D:5      | Entered Level 5 of the Dungeon
  5413 | D:5      | Reached skill level 3 in Fighting
  5413 | D:5      | Your scales start taking on a glossy black colour.
  5413 | D:5      | Reached XP level 7. HP: 41/57 MP: 2/12
  5413 | D:5      | Gained mutation: You are resistant to electric shocks.
                  | (rElec) [Black Draconian growth]
  5517 | D:5      | Noticed a moth of wrath
  5520 | D:5      | Found a bloodstained altar of Trog.
  5721 | D:5      | Found a hazy altar of Hepliaklqana.
  5913 | D:5      | Noticed a yak
  5913 | D:5      | Noticed a yak
  5914 | D:5      | Noticed a yak
  5937 | D:5      | Killed a yak
  6096 | D:5      | Learned a level 3 spell: Mephitic Cloud
  6153 | D:5      | Reached skill level 4 in Fighting
  6215 | D:5      | Noticed a yak
  6216 | D:5      | Noticed a yak
  6216 | D:5      | Noticed a yak
  6229 | D:5      | Killed a yak
  6230 | D:5      | Reached skill level 1 in Air Magic
  6230 | D:5      | Reached XP level 8. HP: 40/66 MP: 3/14
  6800 | D:6      | Reached skill level 5 in Fighting
  7026 | D:6      | Reached XP level 9. HP: 70/74 MP: 9/16
  7176 | D:6      | Learned a level 5 spell: Lightning Bolt
  7473 | D:6      | Reached skill level 5 in Spellcasting
  7633 | D:7      | Found an iron altar of Okawaru.
  7842 | D:7      | Reached skill level 1 in Poison Magic
  8145 | D:7      | Gained mutation: You cannot train Dodging skill. [Ru
                  | sacrifice]
  8145 | D:7      | Reached ** piety under Ru
  8145 | D:7      | Reached *** piety under Ru
  8145 | D:7      | Reached **** piety under Ru
  8324 | D:7      | Found a broken altar of Ashenzari.
  8711 | D:7      | Found a staircase to the Ecumenical Temple.
  9284 | D:8      | Found an ornate altar of the Wu Jian Council.
  9343 | D:8      | Reached skill level 5 in Air Magic
  9903 | D:8      | Found a glowing silver altar of Zin.
 10195 | D:9      | Noticed a tengu warrior
 10257 | D:9      | Upgraded the game from 0.28-a0-895-g6e5f11b to
                  | 0.28-a0-941-g140ffa1
 10482 | D:9      | Reached XP level 10. HP: 54/81 MP: 17/19
 10756 | D:9      | Identified the ring of Doubt {rPois Str-2 Dex-4 Slay+5
                  | Stlth+}
 11049 | D:9      | Learned a level 4 spell: Summon Lightning Spire
 11132 | D:9      | Gained mutation: You are missing a hand. [Ru sacrifice]
 11132 | D:9      | Reached ***** piety under Ru
 11132 | D:9      | Reached ****** piety under Ru
 11670 | D:10     | Entered Level 10 of the Dungeon
 11761 | D:10     | Found a basalt altar of Yredelemnul.
 12070 | D:10     | Noticed a yaktaur captain
 12107 | D:10     | Noticed a cyan ugly thing
 12113 | D:10     | Killed a cyan ugly thing
 12114 | D:10     | Reached skill level 1 in Summonings
 12124 | D:10     | Killed a yaktaur captain
 12533 | D:10     | Found a stormy altar of Qazlal.
 12541 | D:10     | Reached skill level 6 in Fighting
 12598 | D:10     | Found a staircase to the Lair.
 12644 | D:10     | Reached skill level 1 in Short Blades
 12983 | D:10     | Found a staircase to the Orcish Mines.
 13146 | D:10     | Noticed a two-headed ogre
 13157 | D:10     | Killed a two-headed ogre
 13158 | D:10     | Reached XP level 11. HP: 89/89 MP: 3/20
 13674 | D:11     | Noticed a two-headed ogre
 13680 | D:11     | Killed a two-headed ogre
 13874 | D:11     | Reached skill level 5 in Summonings
 14167 | D:11     | Noticed a wizard
 14169 | D:11     | Noticed a wizard
 14171 | D:11     | Killed a wizard
 14176 | D:11     | Killed a wizard
 14396 | D:11     | Noticed Psyche
 14408 | D:11     | Noticed Psyche
 14410 | D:11     | Killed Psyche the naga
 14774 | D:12     | Noticed a death knight
 14942 | Lair:1   | Entered Level 1 of the Lair of Beasts
 15203 | Lair:1   | Reached skill level 5 in Short Blades
 15782 | Lair:1   | Noticed mbeke's ghost (journeyman TeAE)
 15784 | Lair:1   | Found a transporter.
 16092 | Lair:1   | Noticed a five-headed hydra
 16097 | Lair:1   | Killed a five-headed hydra
 16263 | Lair:1   | Found a transporter.
 16372 | Lair:1   | Noticed a six-headed hydra
 16378 | Lair:1   | Killed a six-headed hydra
 16379 | Lair:1   | Reached skill level 10 in Air Magic
 16379 | Lair:1   | Reached XP level 12. HP: 97/97 MP: 2/21
 17188 | Lair:2   | Learned a level 2 spell: Static Discharge
 17252 | Lair:2   | You fall into a shaft and drop 2 floors!
 17252 | Lair:4   | Noticed a six-headed hydra
 17257 | Lair:4   | Killed a six-headed hydra
 17263 | Lair:4   | Reached skill level 7 in Fighting
 18358 | Lair:2   | Noticed a catoblepas
 18367 | Lair:2   | Reached skill level 5 in Stealth
 18396 | Lair:2   | Killed a catoblepas
 18863 | Lair:1   | Reached skill level 8 in Fighting
 19213 | Lair:2   | Noticed Urug
 19227 | Lair:2   | Killed Urug
 19559 | Lair:2   | Noticed Nergalle
 19572 | Lair:2   | Killed Nergalle
 19573 | Lair:2   | Reached XP level 13. HP: 94/108 MP: 13/22
 20382 | Lair:3   | Found a staircase to the Snake Pit.
 21471 | Lair:4   | Identified the +0 pair of gloves of the Fisher {Rampage Fly
                  | Str-5 Int+6}
 21671 | Lair:4   | You are sucked into a shaft and drop 2 floors!
 21671 | Lair:6   | Entered Level 6 of the Lair of Beasts
 21721 | Lair:5   | Reached skill level 9 in Fighting
 21802 | Lair:5   | Found a staircase to the Slime Pits.
 24203 | Lair:4   | Found a staircase to the Shoals.
 24780 | Lair:5   | Learned a level 5 spell: Freezing Cloud
 24839 | Lair:6   | Reached skill level 10 in Fighting
 24924 | Lair:6   | Reached skill level 1 in Ice Magic
 25154 | Lair:6   | Gained mutation: Your large and strong wings let you fly.
                  | [Black Draconian growth]
 25154 | Lair:6   | Reached XP level 14. HP: 92/121 MP: 8/25
 25564 | Lair:6   | Found a runed translucent gate.
 25564 | Lair:6   | Found a runed translucent gate.
 25564 | Lair:6   | Found a runed translucent gate.
 25565 | Lair:6   | Noticed Vuohok's ghost (journeyman HOFi)
 27603 | D:12     | Noticed Frances
 27613 | D:12     | HP: 3/108 [Frances (7)]
 27618 | D:12     | Killed Frances
 28066 | D:12     | Noticed Erolcha
 28070 | D:12     | Killed Erolcha
 28071 | D:12     | Reached skill level 11 in Fighting
 28284 | D:12     | HP: 2/120 [mirror damage (27)]
 30053 | D:12     | Upgraded the game from 0.28-a0-941-g140ffa1 to
                  | 0.28-a0-945-g3c35fc0
 30810 | D:13     | Found a runed translucent door.
 30821 | D:13     | Found a runed translucent door.
 30836 | D:13     | Found a runed translucent door.
 30849 | D:13     | Found a runed translucent door.
 31274 | Orc:1    | Entered Level 1 of the Orcish Mines
 31278 | Orc:1    | Learned a level 2 spell: Poisonous Vapours
 31283 | Orc:1    | Learned a level 4 spell: Iskenderun's Mystic Blast
 31317 | Orc:1    | Identified a scroll of acquirement
 31317 | Orc:1    | Acquired 804 gold pieces
 31507 | Orc:1    | Found a dark tunnel.
 31518 | Volcano  | Entered a volcano
 31656 | Volcano  | Reached skill level 1 in Translocations
 31674 | Volcano  | Reached skill level 1 in Evocations
 32579 | Orc:1    | Noticed an orc warlord
 32595 | Orc:1    | Killed an orc warlord
 33013 | Orc:2    | Entered Level 2 of the Orcish Mines
 33031 | Orc:2    | Found a large runed translucent door.
 33031 | Orc:2    | Found a large runed translucent door.
 33036 | Orc:2    | Noticed alcopop's ghost (journeyman DrCA)
 33068 | Orc:2    | Found Nus Dacs's Magic Scroll Shop.
 33069 | Orc:2    | Found a staircase to the Elven Halls.
 33527 | Orc:2    | Reached XP level 15. HP: 129/132 MP: 21/28
 33809 | Orc:2    | Reached skill level 12 in Fighting
 34611 | Orc:2    | Found Ydiygiys's Magic Scroll Shoppe.
 34611 | Orc:2    | Found Washroage's Jewellery Shoppe.
 34612 | Orc:2    | Found Has Wus's Weapon Emporium.
 34616 | Orc:2    | Found Ogafuac's Magic Scroll Emporium.
 34622 | Orc:2    | Bought a scroll of fear for 45 gold pieces
 34622 | Orc:2    | Bought a scroll of blinking for 97 gold pieces
 34622 | Orc:2    | Bought a scroll of fog for 26 gold pieces
 34622 | Orc:2    | Bought 3 scrolls of teleportation for 117 gold pieces
 36249 | D:14     | Found a gate to the Vaults.
 36504 | D:15     | Entered Level 15 of the Dungeon
 36510 | D:15     | Found a staircase to the Depths.
 36513 | D:14     | Upgraded the game from 0.28-a0-945-g3c35fc0 to
                  | 0.28-a0-973-ga7f8b01
 37009 | D:15     | Reached skill level 5 in Ice Magic
 37363 | D:14     | Learned a level 4 spell: Sticky Flame
 37517 | Snake:1  | Entered Level 1 of the Snake Pit
 37636 | Snake:1  | Reached skill level 13 in Fighting
 37893 | Snake:1  | Reached skill level 10 in Conjurations
 38025 | Snake:1  | Found a frozen archway.
 38069 | IceCv    | Entered an ice cave
 38071 | IceCv    | Found a transporter.
 38377 | IceCv    | Found a transporter.
 38387 | IceCv    | Learned a level 4 spell: Airstrike
 38904 | IceCv    | HP: 5/105 [caustic shrike simulacrum[an orange crystal
                  | statue] (25)]
 38905 | IceCv    | Mangled by a caustic shrike simulacrum

Illustrated notes

Levels and vault maps discovered:
D:1:      evilmike_arrival_fibonacci_small, layout_loops_ring
D:2:      layout_rooms, basic_altar
D:3:      layout_basic, grunt_temple_overflow_magic_moments,
          overflow_temple_1_default, nemelex_diamond_rough_becter, uniq_terence,
          uniq_natasha
D:4:      layout_basic
D:5:      layout_rooms, tgw_trog, amcnicky_altar_gilded, kennysheep_small_spiral
D:6:      layout_rooms, minivault_22
D:7:      layout_basic, evilmike_ruin_ashenzari, kennysheep_okawaru_gauntlet,
          minmay_temple_entry_trees
D:8:      layout_basic, lemuel_tele_altar, zin_scriptorium
D:9:      layout_roguey
D:10:     layout_long_grid, lemuel_zombie_altar_yredelemnul,
          nicolae_qazlal_general_emergency, lair_entry_dummy, david_orc_5,
          corexii_corridor_pit, minmay_three_doors
D:11:     cheibrodos_wizards_tower, layout_loops_corners, uniq_psyche
D:12:     layout_basic, minmay_misc_feat_rugged, uniq_frances, uniq_erolcha
D:13:     layout_cross, serial_column_ruins, column_ruins_hut_ruined,
          column_ruins_hut_pillars, column_ruins_columns_dead_end,
          column_ruins_corridor_dead_end, column_ruins_grid_3,
          column_ruins_grid_3, column_ruins_corridor_dead_end,
          column_ruins_open_small, column_ruins_corridor_T,
          minmay_statue_crystal_thing
D:14:     layout_long_grid, grunt_vaults_entry_tiered,
          nicolae_concentric_dashed_squares_mild
D:15:     gammafunk_depths_entry_grave, layout_loops_ring, doesnt_xom_only_xom
Lair:1:   layout_hall_layers, gammafunk_ghost_arena, nicolae_lair_lil_pond,
          beast_lair_carwin_1
Lair:2:   layout_loops_ring, lemuel_old_faithful, uniq_urug, uniq_nergalle
Lair:3:   layout_layer_cave, guppyfry_snake_entry_island, serial_bayou_lake_a,
          lemuel_fruit_fields
Lair:4:   layout_cave_pods, elwin_shoals_entry_rooms
Lair:5:   layout_cellular_growth, nicolae_slime_entry_slimehenge,
          beast_lair_carwin_6
Lair:6:   grunt_lair_end_beastmaster, layout_regular_city,
          ebering_ghost_rock_garden, st_stairs_7,
          nicolae_lair_grove_arrangements
Snake:1:  hangedman_cross_stitches, layout_chambers,
          portal_ice_cave_entry_ice_simulacra, basic_altar,
          hangedman_snake_corridor_cut, serial_bayou_shore_b
Orc:1:    layout_diamond_mine, nicolae_volcano_entry_lava_flow
Orc:2:    st_orc_mages, layout_caves, serial_shops, shop,
          ebering_ghost_disaster_area
IceCv:    ice_cave_statue_garden_transporter

Skill      XL: |  1  2  3  4  5  6  7  8  9 10 11 12 13 14 15 |
---------------+----------------------------------------------+-----
Stealth        | 2 3 2 3 5 8 9 |  9.6
Fighting       | 1 2 3 4 5 6 8 10 11 13 | 13.4
Conjurations   | 5 6 8 9 10 | 10.3
Spellcasting   | 3 4 6 7 9 |  9.0
Air Magic      | 1 3 5 8 10 11 12 | 12.0
Dodging        | 2 0 |  0.0
Poison Magic   | 3 4 |  4.0
Summonings     | 4 6 7 |  7.0
Short Blades   | 3 5 7 8 |  8.2
Ice Magic      | 2 4 6 |  6.3
Translocations | 2 4 |  4.0
Evocations     | 2 4 |  4.0

Action                   |  1- 3 |  4- 6 |  7- 9 | 10-12 | 13-15 || total
-------------------------+-------+-------+-------+-------+-------++-------
Melee: Unarmed           |     1 |       |       |       |       ||     1
       Dagger            |     9 |    17 |    32 |   339 |   296 ||   693
       Tailslap          |     1 |     1 |    13 |    28 |    47 ||    90
       Short sword       |       |     9 |    62 |       |       ||    71
       Staff             |       |       |       |       |   283 ||   283
 Cast: Magic Dart        |    65 |   110 |   145 |    31 |    46 ||   397
       Searing Ray       |     5 |    10 |    34 |    25 |     5 ||    79
       Iskenderun's Myst |       |       |     2 |     9 |    17 ||    28
       Lightning Bolt    |       |       |     1 |    24 |   163 ||   188
       Summon Lightning  |       |       |       |    35 |   105 ||   140
       Mephitic Cloud    |       |       |       |    15 |    12 ||    27
       Static Discharge  |       |       |       |    16 |    29 ||    45
       Freezing Cloud    |       |       |       |       |    17 ||    17
       Airstrike         |       |       |       |       |     6 ||     6
       Sticky Flame      |       |       |       |       |     5 ||     5
Invok: Sacrifice Skill   |       |     1 |       |       |       ||     1
       Sacrifice Nimblen |       |       |     1 |       |       ||     1
       Power Leap        |       |       |       |     5 |     2 ||     7
       Sacrifice a Hand  |       |       |       |     1 |       ||     1
       Draw Out Power    |       |       |       |     1 |    14 ||    15
       Apocalypse        |       |       |       |       |     3 ||     3
 Abil: Breathe Lightning |       |       |     4 |     7 |    14 ||    25
Evoke: Wand              |       |     2 |     2 |     1 |    33 ||    38
  Use: Scroll            |       |       |    13 |     6 |    17 ||    36
       Potion            |       |       |     3 |       |     5 ||     8
 Stab: Sleeping          |       |       |     1 |     4 |     2 ||     7
       Invisible         |       |       |     1 |     5 |     2 ||     8
       Paralysed         |       |       |       |    16 |    13 ||    29
       Confused          |       |       |       |     5 |     3 ||     8
       Distracted        |       |       |       |     3 |    19 ||    22
       Petrified         |       |       |       |     2 |       ||     2
Armor: Skin              |     7 |    13 |    81 |   139 |   246 ||   486
Dodge: Dodged            |    12 |    35 |   109 |   157 |   314 ||   627
Block: Other             |       |       |       |       |   101 ||   101
       Reflection        |       |       |       |       |     6 ||     6

Table legend: (Time is in decaauts)
 A = Elapsed time spent in this place.
 B = Non-inter-level travel time spent in this place.
 C = Inter-level travel time spent in this place.
 D = Time resting spent in this place.
 E = Time spent auto-exploring this place.
 F = Levels seen in this place.
 G = Mean time per level.
                   A        B        C        D        E       F      G
               +--------+--------+--------+--------+--------+-----+--------+
         Total |  38829 |  37079 |   1750 |  13396 |  18148 |  26 | 1493.4 |
       Dungeon |  21473 |  20260 |   1213 |   6259 |  11248 |  15 | 1431.5 |
          Lair |  12229 |  11786 |    443 |   4583 |   5712 |   6 | 2038.2 |
     Snake Pit |    554 |    554 |      0 |    319 |      0 |   1 |  554.0 |
  Orcish Mines |   2696 |   2604 |     92 |    654 |   1186 |   2 | 1348.0 |
      Ice Cave |    817 |    817 |      0 |    715 |      0 |   1 |  817.0 |
       Volcano |   1059 |   1059 |      0 |    866 |      2 |   1 | 1059.0 |
               +--------+--------+--------+--------+--------+-----+--------+

Top non-repeatable levels by time:
  Lair:1: 2926 daAuts
    D:12: 2588 daAuts
  Lair:6: 2174 daAuts
  Lair:3: 1999 daAuts
    D:10: 1984 daAuts
  Lair:5: 1888 daAuts
   Orc:2: 1848 daAuts
    D:11: 1830 daAuts
     D:5: 1768 daAuts
  Lair:4: 1720 daAuts
     D:9: 1622 daAuts
  Lair:2: 1520 daAuts
     D:3: 1511 daAuts
     D:2: 1436 daAuts
    D:14: 1420 daAuts
